 Dungeon Crawl Stone Soup version 0.22-a0-348-gd16d139 (webtiles) character file.

1912 torrenera the Ogre Mage (level 9, -7/87 HPs)
             Began as an Ogre Transmuter on Apr 10, 2018.
             Was a Believer of Sif Muna.
             Mangled by Joseph
             ... wielding a +0 quarterstaff
              (15 damage)
             ... on level 7 of the Dungeon.
             The game lasted 00:16:05 (8318 turns).

torrenera the Ogre Mage (Ogre Transmuter)           Turns: 8318, Time: 00:16:05

Health: -7/87      AC:  3    Str: 16    XL:     9   Next: 16%
Magic:  19/21      EV: 10    Int: 17    God:    Sif Muna [**....]
Gold:   236        SH:  0    Dex:  9    Spells: 9/24 levels left

rFire    . . .     SeeInvis .     - Unarmed
rCold    . . .     Gourm    .   (no shield)
rNeg     . . .     Faith    .   b - +0 robe
rPois    .         Spirit   .   (helmet restricted)
rElec    .         Reflect  .   (no cloak)
rCorr    .         Harm     .   (gloves unavailable)
MR       .....                  (boots unavailable)
Stlth    +.........             (no amulet)
HPRegen  0.24/turn              h - ring of flight
MPRegen  0.17/turn              (no ring)

@: hasted, very quick
A: large, unfitting armour, tough skin 1
a: Divine Energy, Renounce Religion, Evoke Flight


You were on level 7 of the Dungeon.
You worshipped Sif Muna.
Sif Muna was pleased with you.
You were not hungry.

You visited 1 branch of the dungeon, and saw 7 of its levels.

You collected 236 gold pieces.

Inventory:

Hand Weapons
 g - a +1 mace of protection
 v - a +2 flail of protection
 E - a +2 whip of electrocution
Missiles
 a - 43 arrows
 e - 76 sling bullets
 f - 220 stones (quivered)
 F - 11 tomahawks
Armour
 b - a +0 robe (worn)
Jewellery
 h - a ring of flight (left hand)
 G - an uncursed amulet of the gourmand {unknown}
 J - a +2 ring of protection {unknown}
Wands
 m - a wand of acid (13)
 x - a wand of polymorph (13)
 C - a wand of flame (16)
Scrolls
 c - 7 scrolls of identify {unknown}
 j - a scroll of acquirement {unknown}
 p - 2 scrolls of fog {unknown}
 r - 4 scrolls of remove curse {unknown}
 s - a scroll of teleportation {unknown}
 u - 3 scrolls of enchant armour {unknown}
 w - a scroll of fear {unknown}
 y - a scroll of immolation {unknown}
 B - 2 scrolls of magic mapping {unknown}
 H - a scroll of amnesia {unknown}
Potions
 i - a potion of agility {unknown}
 k - a potion of might
 l - a potion of cancellation
 n - a potion of magic {unknown}
 o - a potion of berserk rage {unknown}
 q - a potion of haste
 t - 2 potions of brilliance {unknown}
 z - 2 potions of heal wounds {unknown}
 A - 2 potions of curing {unknown}
 D - a potion of flight {unknown}
 I - a potion of resistance {unknown}
Comestibles
 d - 10 rations
 K - 4 chunks of flesh


   Skills:
 * Level 4.9 Fighting
 - Level 0.1 Maces & Flails
 - Level 1.7 Dodging
 - Level 2.8 Unarmed Combat
 - Level 8.3 Spellcasting
 + Level 7.7 Transmutations


You had 9 spell levels left.
You knew the following spells:

 Your Spells              Type           Power        Failure   Level  Hunger
a - Beastly Appendage     Tmut           ####..       1%          1    None
b - Sticks to Snakes      Tmut           ####....     1%          2    None
c - Spider Form           Tmut/Pois      ###.......   6%          3    #......
d - Blade Hands           Tmut           ####......   12%         5    #####..
e - Ice Form              Ice/Tmut       ###.....     21%         4    ###....


Dungeon Overview and Level Annotations

Branches:
Dungeon (7/15)             Temple (0/1) D:5

Altars:
Cheibriados
Fedhas
Hepliaklqana
Kikubaaqudgha
Ru
Sif Muna
Trog
Wu Jian
Xom
Yredelemnul
The Shining One

Annotations:
D:4 2 transporters, Menkaure
D:7 Joseph


Innate Abilities, Weirdness & Mutations

You are too large for most types of armour.
You have tough skin. (AC +1)


Message History

Joseph misses you.
You bite Joseph!
Joseph looks as sick as possible!
Joseph is heavily wounded.
Joseph hits you with an uncursed quarterstaff!
* * * LOW HITPOINT WARNING * * *
You hit Joseph.
Joseph looks as sick as possible!
Joseph is heavily wounded.
Joseph hits you with an uncursed quarterstaff!
* * * LOW HITPOINT WARNING * * *
It was a potion of cancellation.
Your magical effects are unravelling.
You feel magically purged.
Your transformation has ended.
Your +0 robe unmelds from your body.
You feel a little less mighty now.
Joseph hits you with an uncursed quarterstaff!
* * * LOW HITPOINT WARNING * * *
It was a potion of haste.
You feel yourself speed up.
Joseph hits you with an uncursed quarterstaff!
You die...

#.# #.# #.# #.#
... #.# #@#
################@#
...............(.#
##################


You could see Joseph.

Vanquished Creatures
  Pikel (D:5)
  Sigmund (D:4)
  Eustachio (D:6)
  2 orc warriors
  A slave (D:5)
  3 ogres
  A bullfrog (D:7)
  An orc priest (D:7)
  A centaur skeleton (D:5)
  4 orc wizards
  Natasha (D:4)
  2 worker ants (D:4)
  4 adders
  An ooze (D:2)
  A worm (D:2)
  3 leopard geckos
  13 orcs
  A ball python (D:1)
  A giant cockroach (D:1)
  9 goblins
  5 hobgoblins
  14 jackals
  A quokka (D:3)
  5 bats
  5 frilled lizards
  3 kobolds
  12 rats
97 creatures vanquished.

Vanquished Creatures (collateral kills)
  2 hungry ghosts
  Edmund (D:4)
  A jelly (D:4)
  An iguana (D:4)
  Natasha (twice) (D:4)
  2 worker ants
  An adder (D:3)
10 creatures vanquished.

Grand Total: 107 creatures vanquished

Notes
Turn   | Place    | Note
-------+----------+-------------------------------------------
     0 | D:1      | torrenera the Ogre Transmuter began the quest for the Orb.
     0 | D:1      | Reached XP level 1. HP: 19/19 MP: 3/3
   361 | D:1      | Reached XP level 2. HP: 17/28 MP: 5/5
   479 | D:1      | Learned a level 2 spell: Sticks to Snakes
  1255 | D:2      | Reached XP level 3. HP: 35/35 MP: 7/7
  1358 | D:2      | Reached skill level 3 in Spellcasting
  1458 | D:2      | Found a sacrificial altar of Ru.
  2101 | D:2      | Reached XP level 4. HP: 35/42 MP: 7/9
  2255 | D:3      | Learned a level 3 spell: Spider Form
  2632 | D:3      | Found a deep blue altar of Sif Muna.
  2632 | D:3      | Found an ornate altar of the Wu Jian Council.
  2638 | D:3      | Found a snail-covered altar of Cheibriados.
  2713 | D:3      | Became a worshipper of Sif Muna the Loreminder
  3097 | D:3      | Found a hazy altar of Hepliaklqana.
  3269 | D:3      | Reached skill level 4 in Spellcasting
  3445 | D:4      | Noticed Edmund
  3480 | D:4      | Killed Edmund
  3480 | D:4      | Reached XP level 5. HP: 15/49 MP: 4/11
  3770 | D:4      | Found a blossoming altar of Fedhas.
  3802 | D:4      | Noticed Natasha
  3852 | D:4      | Noticed an ogre
  3866 | D:4      | Killed an ogre
  3866 | D:4      | Reached skill level 5 in Spellcasting
  3866 | D:4      | Reached XP level 6. HP: 57/57 MP: 5/13
  3968 | D:4      | Noticed a phantom
  4023 | D:4      | Found a basalt altar of Yredelemnul.
  4023 | D:4      | Found a transporter.
  4024 | D:4      | Noticed Menkaure
  4033 | D:4      | Found an ancient bone altar of Kikubaaqudgha.
  4040 | D:4      | Noticed Sigmund
  4062 | D:4      | Killed Sigmund
  4088 | D:4      | HP: 2/57 [acid (9)]
  4385 | D:4      | Found a transporter.
  4411 | D:4      | Killed Natasha
  4414 | D:4      | Reached * piety under Sif Muna
  4414 | D:4      | Reached XP level 7. HP: 54/65 MP: 9/15
  4469 | D:4      | Noticed Natasha
  4719 | D:4      | Reached skill level 6 in Spellcasting
  4795 | D:4      | Killed Natasha
  5151 | D:4      | Noticed Natasha
  5156 | D:4      | Killed Natasha
  5273 | D:5      | Entered Level 5 of the Dungeon
  6164 | D:5      | Reached skill level 5 in Transmutations
  6242 | D:5      | Noticed Pikel
  6259 | D:5      | Killed Pikel
  6259 | D:5      | Reached ** piety under Sif Muna
  6259 | D:5      | Reached skill level 8 in Spellcasting
  6259 | D:5      | Reached XP level 8. HP: 52/72 MP: 14/20
  6374 | D:5      | Found a sparkling altar of Nemelex Xobeh.
  6376 | D:5      | Found a shimmering altar of Xom.
  6376 | D:5      | Found a bloodstained altar of Trog.
  6378 | D:5      | Found a sacrificial altar of Ru.
  6378 | D:5      | Found a deep blue altar of Sif Muna.
  6378 | D:5      | Found a glowing golden altar of the Shining One.
  6530 | D:5      | Found a staircase to the Ecumenical Temple.
  6792 | D:5      | Learned a level 5 spell: Blade Hands
  6797 | D:5      | Learned a level 4 spell: Ice Form
  7145 | D:6      | Noticed Eustachio
  7161 | D:6      | Killed Eustachio
  7597 | D:6      | Reached XP level 9. HP: 40/84 MP: 19/21
  8309 | D:7      | Noticed Joseph
  8318 | D:7      | Mangled by Joseph

Vault maps used:
D:1:      dpeg_arrival_circle_labyrinth_a
D:2:      nicolae_ru_the_path_less_chosen
D:3:      gammafunk_temple_overflow_claw, lemuel_coloured_pillars_altar
D:4:      gammafunk_temple_of_torment, kennysheep_little_box, first_ration,
          uniq_edmund, uniq_natasha, uniq_sigmund
D:5:      minmay_temple_entry_enclosed_plants, doesnt_xom_only_xom, uniq_pikel
D:6:      uniq_eustachio
D:7:      cheibrodos_iron_armory, uniq_joseph, uniq_duvessa

Skill      XL: |  1  2  3  4  5  6  7  8 |
---------------+-------------------------+-----
Fighting       | 2 4 |  4.9
Transmutations | 2 3 4 6 7 |  7.7
Spellcasting   | 3 4 5 8 |  8.3
Maces & Flails | |  0.1
Dodging        | |  1.7
Unarmed Combat | |  2.8

Action                   |  1- 3 |  4- 6 |  7- 9 || total
-------------------------+-------+-------+-------++-------
Melee: Unarmed           |   120 |   170 |   169 ||   459
       Club              |     2 |       |       ||     2
       Kick              |     6 |    15 |     8 ||    29
       Headbutt          |     2 |     2 |     7 ||    11
       Punch             |     2 |     2 |     1 ||     5
Throw: Stone             |     1 |       |     5 ||     6
 Cast: Beastly Appendage |    15 |    18 |    10 ||    43
       Sticks to Snakes  |     2 |    18 |    20 ||    40
       Spider Form       |       |       |    11 ||    11
Evoke: Wand              |       |       |     3 ||     3
  Use: Potion            |     1 |       |     3 ||     4
 Stab: Distracted        |       |     2 |     2 ||     4
  Eat: Chunk             |     4 |     7 |    14 ||    25
       Ration            |       |       |     1 ||     1
Armor: Robe              |    36 |    30 |    11 ||    77
       Skin              |     3 |       |     6 ||     9
Dodge: Dodged            |    60 |    81 |   137 ||   278

Table legend:
 A = Spawn XP
 B = Non-spawn XP
 C = Spawn XP percentage of total XP
 D = Spawn monster count
 E = Non-spawn monster count
 F = Spawn count percentage of total count
 G = Total turns spent on level
                    A         B        C        D         E        F      G
               +---------+---------+-------+---------+---------+-------+---------
         Total |       0 |    2732 |   0.0 |       0 |     106 |   0.0 |  8318
               +---------+---------+-------+---------+---------+-------+---------
           D:1 |       0 |      28 |   0.0 |       0 |      13 |   0.0 |  1005
           D:2 |       0 |      56 |   0.0 |       0 |      20 |   0.0 |  1245
           D:3 |       0 |      74 |   0.0 |       0 |      29 |   0.0 |  1393
           D:4 |       0 |     617 |   0.0 |       0 |      15 |   0.0 |  1853
           D:5 |       0 |    1011 |   0.0 |       0 |       9 |   0.0 |  1494
           D:6 |       0 |     578 |   0.0 |       0 |      10 |   0.0 |   870
           D:7 |       0 |     368 |   0.0 |       0 |      10 |   0.0 |   458
               +---------+---------+-------+---------+---------+-------+---------
